 Dungeon Crawl Stone Soup version 0.31-a0-239-g0a1456f148 (webtiles) character file.

Game seed: 15386681465156707207

56 qw the Shooter (level 3, 0/21 HPs)
             Began as a Gargoyle Hexslinger on July 11, 2023.
             Was an Initiate of Okawaru.
             Frozen to death by an endoplasm (1 damage)
             ... on level 2 of the Dungeon.
             The game lasted 00:00:32 (1538 turns).

qw the Shooter (Gargoyle Hexslinger)                Turns: 1538, Time: 00:00:33

Health: 0/21       AC: 10    Str: 11    XL:     3   Next: 97%
Magic:  4/4        EV: 10    Int: 13    God:    Okawaru [......]
Gold:   120        SH:  5    Dex: 14    Spells: 3/4 levels left

rFire   . . .        Y - +1 sling
rCold   . . .        (no shield)
rNeg    + . .        j - +0 ring mail
rPois   inf          b - +0 helmet
rElec   +            a - +0 cloak
rCorr   .            (no gloves)
SInv    .            (no boots)
Will    .....        k - amulet of reflection
Stlth   +            (no ring)
HPRegen 0.23/turn    (no ring)
MPRegen 0.09/turn

%: reflection
@: no status effects
A: sickness immunity, AC +3, negative energy resistance 1, electricity
resistance, torment resistance 1, petrification resistance
a: Renounce Religion


You were on level 2 of the Dungeon.
You worshipped Okawaru.
Okawaru was noncommittal.
You visited 1 branch of the dungeon, and saw 2 of its levels.

You collected 120 gold pieces.


Innate Abilities, Weirdness & Mutations

You are immune to sickness and miasma.
Your stone body is resilient. (AC +3)
You are immune to poison.
You resist negative energy. (rN+)
You are resistant to electric shocks. (rElec)
You are resistant to unholy torment.
You are immune to petrification.


   Skills:
 - Level 2.0 Fighting
 + Level 3.5 Ranged Weapons
 - Level 1.0 Armour
 - Level 1.5 Dodging
 - Level 1.0 Spellcasting
 - Level 2.6 Hexes


You had 3 spell levels left.
You knew the following spells:

 Your Spells              Type           Power      Damage    Failure   Level
a - Slow                  Hex            28%        N/A       22%         1

Your spell library contained the following spells:

 Spells                   Type           Power      Damage    Failure   Level
 Inner Flame              Hex/Fire       4%         N/A       75%         3
 Portal Projectile        Hex/Tloc       8%         N/A       75%         3
 Cause Fear               Hex            3%         N/A       91%         4

Inventory:

Hand Weapons
 Y - a +1 sling (weapon)
Armour
 a - a +0 cloak (worn)
 b - a +0 helmet (worn)
 f - a +2 ring mail of cold resistance
 h - a scarf of resistance
 j - a +0 ring mail (worn)
 l - a +0 pair of gloves
Jewellery
 k - an amulet of reflection (around neck)
Scrolls
 i - a scroll of identify {unknown}
Potions
 c - 3 potions of haste {unknown}
 d - a potion of heal wounds {unknown}
 e - 2 potions of invisibility {unknown}
 g - a potion of curing {unknown}

Dungeon Overview and Level Annotations

Branches:
Dungeon (2/15)

Altars:
Okawaru

Shops:
D:1 (


Message History

Enter note:
Enter note:
Enter note:
Enter note: You shoot a sling bullet.
The sling bullet hits the frilled lizard.
You kill the frilled lizard!
Okawaru accepts your kill.
You shoot a sling bullet. The sling bullet hits the worm.
The worm is moderately wounded.
You shoot a sling bullet. The sling bullet hits the worm.
The worm is heavily wounded.
You shoot a sling bullet.
The sling bullet barely misses the worm.
The worm bites you.
The endoplasm hits you but does no damage.
You shoot a sling bullet. The sling bullet hits the worm.
The worm is heavily wounded.
The endoplasm barely misses you. The worm bites you!
You shoot a sling bullet. The sling bullet hits the worm.
The worm is heavily wounded.
You block the endoplasm's attack. The worm bites you but does no damage.
You shoot a sling bullet.
The sling bullet hits the worm but does no damage.
The worm is heavily wounded.
The endoplasm hits you but does no damage. x2
The worm bites you.
You shoot a sling bullet. The sling bullet hits the worm.
The worm is severely wounded.
The endoplasm completely misses you.
You shoot a sling bullet. The sling bullet hits the worm.
The worm is severely wounded.
The endoplasm freezes you.
You are frozen.
The worm bites you but does no damage.
You shoot a sling bullet. The sling bullet hits the worm.
The worm is severely wounded.
The endoplasm misses you. You block the worm's attack.
The endoplasm freezes you.
You are frozen.
You die...

+..............############%####.
###.#:####.......................
.........[.#...##################
.#.......###...# # # ###..#
....#.######...# ##.##.. ###.....
>..............# .#....###......#
.#.##.#######..##....###......#'#
.#.##..........#Jw.###......###.#
.#.##.#######..#@###......###...#
.#.##.##### #..#'#......###...###
..........# #..#......###...###.#
.#.##.###.###..##......##..##...#
........... ...###......##.)..###
.#.##..#..# #..# ##......##%.##.#
.#.##..#..# #..# ##......##....#
.#.##..#..###.<# ##......##..##
.#.............# ##......##.)#


You could see a worm and an endoplasm.

Vanquished Creatures
  An adder (D:2)
  A worm (D:2)
  A dart slug (D:2)
  2 ball pythons (D:1)
  5 endoplasms
  8 giant cockroaches
  5 goblins
  2 hobgoblins (D:2)
  4 kobolds
  A bat (D:2)
  6 frilled lizards
  3 rats (D:2)
39 creatures vanquished.

Notes
Turn   | Place    | Note
-------+----------+-------------------------------------------
     0 | D:1      | qw the Gargoyle Hexslinger began the quest for the Orb.
     0 | D:1      | Reached XP level 1. HP: 12/12 MP: 2/2
     0 | D:1      | 0 ||| qw: Version: 0.3-a-52-g30416fa
     0 | D:1      | 0 ||| qw: Game counter: 5930
     0 | D:1      | 0 ||| qw: Melee chars always use a shield: true
     0 | D:1      | 0 ||| qw: God list: Okawaru
     0 | D:1      | 0 ||| qw: Allow faded altars: false
     0 | D:1      | 0 ||| qw: Do Orc after clearing Dungeon:15 true
     0 | D:1      | 0 ||| qw: Do second Lair branch before Depths: true
     0 | D:1      | 0 ||| qw: Lair rune preference: random
     0 | D:1      | 0 ||| qw: Goals: Normal
     0 | D:1      | 0 ||| PLANNING D:1-11
   191 | D:1      | Reached XP level 2. HP: 16/16 MP: 3/3
   207 | D:1      | Found Nuyream's Antique Weapon Shop.
   836 | D:1      | 836 ||| UPGRADING to +0 ring mail.
   846 | D:1      | 846 ||| DROPPING +0 robe.
   847 | D:1      | 847 ||| UPGRADING to amulet of reflection.
   852 | D:1      | 852 ||| READING scroll labelled NUHEGI XENYSH.
   853 | D:1      | 853 ||| READING scroll labelled NIXIOC PEQO.
   854 | D:1      | 854 ||| READING scroll labelled XIEJEO OJEOS.
   855 | D:1      | 855 ||| DRINKING 2 fizzy brown potions.
   856 | D:1      | 856 ||| DROPPING scroll of poison.
   857 | D:1      | 857 ||| DROPPING potion of brilliance.
   890 | D:2      | Reached skill level 3 in Ranged Weapons
   926 | D:2      | Found an iron altar of Okawaru.
   927 | D:2      | 927 ||| PLANNING OKAWARU WORSHIP
   927 | D:2      | 927 ||| UPGRADING to +0 cloak.
   945 | D:2      | 945 ||| UPGRADING to +0 helmet.
   950 | D:2      | Became a worshipper of Warmaster Okawaru
   951 | D:2      | 951 ||| PLANNING D:1-11
  1072 | D:2      | Reached XP level 3. HP: 21/21 MP: 4/4
  1294 | D:2      | Reached skill level 1 in Armour
  1535 | D:2      | HP: 4/21 [worm (6)]
  1537 | D:2      | HP: 1/21 [frozen (4)]
  1538 | D:2      | Frozen to death by an endoplasm

Levels and vault maps discovered:
D:1:      dpeg_arrival_tiny_d, layout_loops_corners, serial_shops,
          nicolae_shop_back_alley_shop
D:2:      minmay_razor_zed, layout_basic, basic_altar, minmay_worlds_worst_comb

Skill      XL: |  1  2  3 |
---------------+----------+-----
Ranged Weapons | 3 |  3.5
Fighting       | 2 |  2.0
Armour         | 1 |  1.0
Dodging        | |  1.5
Spellcasting   | |  1.0
Hexes          | |  2.6

Action                     || total
---------------------------++-------
   Fire: Sling             ||   113
    Use: Scroll            ||     3
         Potion            ||     1
 Armour: Ring mail         ||    26
  Dodge: Dodged            ||    20
  Block: Other             ||    11

Table legend:
 A = Non-vault XP
 B = Vault XP
 C = Vault XP percentage of total XP
 D = Non-vault monster count
 E = Vault monster count
 F = Vault count percentage of total count
                 A         B        C        D         E       F
            +---------+---------+-------+---------+---------+-------
      Total |      49 |      32 |  39.5 |      27 |      12 |  30.8
            +---------+---------+-------+---------+---------+-------
        D:1 |      18 |       0 |   0.0 |      10 |       0 |   0.0
        D:2 |      31 |      32 |  50.8 |      17 |      12 |  41.4
            +---------+---------+-------+---------+---------+-------
